 Dungeon Crawl Stone Soup version 0.23.1 (webtiles) character file.

Game seed: 5141547713764300041

116 Kairos the Sneak (level 5, -3/25 HPs)
             Began as a Vine Stalker Enchanter on Mar 17, 2019.
             Killed by divine providence
             ... invoked by an orc priest
              (13 damage)
             ... on level 3 of the Dungeon.
             The game lasted 00:03:28 (2514 turns).

Kairos the Sneak (Vine Stalker Enchanter)           Turns: 2514, Time: 00:03:30

Health: -3/25      AC:  3    Str: 12    XL:     5   Next: 1%
Magic:  0/10       EV: 12    Int: 15    God:
Gold:   74         SH:  3    Dex: 14    Spells: 6/9 levels left

rFire    . . .     SeeInvis .   a - +1 dagger
rCold    . . .     Gourm    .   o - +0 buckler
rNeg     . . .     Faith    .   f - +0 leather armour
rPois    .         Spirit   +   (no helmet)
rElec    .         Reflect  .   (no cloak)
rCorr    .         Harm     .   (no gloves)
MR       .....                  (no boots)
Stlth    +++.......             (no amulet)
HPRegen  0.48/turn              k - +1 ring of evasion
MPRegen  0.12/turn              (no ring)

@: no status effects
A: fangs 2, regeneration 1, magic shield, antimagic bite, no potion heal 3, rot
immunity
a: no special abilities


You were on level 3 of the Dungeon.
You were not hungry.

You visited 1 branch of the dungeon, and saw 3 of its levels.

You collected 74 gold pieces.

Inventory:

Hand Weapons
 a - a +1 dagger (weapon)
Armour
 b - a +0 robe
 f - a +0 leather armour (worn)
 o - a +0 buckler (worn)
Jewellery
 k - a +1 ring of evasion (left hand)
Scrolls
 c - a scroll of fear
 e - a scroll of enchant weapon {unknown}
 g - 2 scrolls of identify
 h - 2 scrolls of remove curse {unknown}
 i - 2 scrolls of teleportation {unknown}
Potions
 j - 2 potions of berserk rage {unknown}
 l - 3 potions of might {unknown}
 m - a potion of degeneration {unknown}
 n - a potion of curing {unknown}
Comestibles
 d - 7 rations


   Skills:
 + Level 0.7 Fighting
 + Level 1.4 Short Blades
 + Level 1.3 Armour
 + Level 1.9 Dodging
 + Level 4.8 Stealth
 + Level 2.8 Spellcasting
 + Level 3.3 Hexes


You had 6 spell levels left.
You knew the following spells:

 Your Spells              Type           Power        Failure   Level  Hunger
a - Corona                Hex            ##.....      11%         1    #......
b - Blink                 Tloc           N/A          54%         2    ##.....

Your spell library contained the following spells:

 Spells                   Type           Power        Failure   Level  Hunger
 Slow                     Hex            ##......     17%         2    ##.....
 Ensorcelled Hibernation  Hex/Ice        #.....       32%         2    ##.....
 Confuse                  Hex            ##......     32%         3    ###....
 Tukima's Dance           Hex            ##......     32%         3    ###....
 Magic Dart               Conj           #...         41%         1    #......
 Call Imp                 Summ           #.......     54%         2    ##.....
 Dazzling Spray           Conj/Hex       #.....       54%         3    ###....
 Conjure Flame            Conj/Fire      #.......     78%         3    ###....
 Mephitic Cloud           Conj/Pois/Air  #.......     78%         3    ###....


Dungeon Overview and Level Annotations

Branches:
Dungeon (3/15)

Altars:
Hepliaklqana


Innate Abilities, Weirdness & Mutations

You have extremely sharp teeth.
Your natural rate of healing is unusually fast.
When hurt, damage is shared between your health and your magic reserves.
Your bite disrupts and absorbs the magic of your enemies.
Potions cannot restore your health.
You are immune to rotting.


Message History

You hit the orc but do no damage. The orc closely misses you.
You hit the orc but do no damage. The orc closely misses you.
You hit the orc but do no damage. The orc hits you.
The orc priest miscasts a cantrip.
You barely miss the orc. The orc misses you.
The orc priest looks encouraged for a moment.
You hit the orc but do no damage. The orc misses you.
You hit the orc but do no damage. The orc misses you.
You hit the orc but do no damage. The orc closely misses you.
You hit the orc but do no damage.
The orc priest looks braver for a moment.
The orc hits you.
You hit the orc but do no damage. The orc hits you.
You hit the orc. You bite the orc, but do no damage.
The orc is severely wounded.
The orc misses you.
The orc priest mumbles some strange prayers to Beogh against you.
Beogh smites you!
Ouch! That really hurt!
You die...

#.... #. #.... #. #....
####.##### #.)..
.........# ........
.........# ##############
.....$..)#####...........#
.........##....########.##
.......$oo@....# #.#
........o##..)## #.#
.........##...# ######.###
.........##...# #.........
^........##...# #.........
###########...# #.........
#...# #......... #####
#......... ##########


You could see an orc priest and 2 orcs.

Vanquished Creatures
  3 adders
  3 oozes
  2 dart slugs
  3 leopard geckos
  2 orcs (D:3)
  4 giant cockroaches
  9 hobgoblins
  14 jackals
  4 kobolds
  6 bats
  3 frilled lizards (D:2)
  2 goblins
  9 rats
64 creatures vanquished.

Notes
Turn   | Place    | Note
-------+----------+-------------------------------------------
     0 | D:1      | Kairos the Vine Stalker Enchanter began the quest for the
                  | Orb.
     0 | D:1      | Reached XP level 1. HP: 9/9 MP: 4/4
   126 | D:1      | Reached XP level 2. HP: 13/13 MP: 4/6
   178 | D:1      | Reached skill level 4 in Stealth
   226 | D:1      | Reached XP level 3. HP: 6/16 MP: 2/8
  1265 | D:2      | Reached skill level 1 in Short Blades
  1773 | D:2      | Gained mutation: Your natural rate of healing is unusually
                  | fast. [Vine Stalker growth]
  1773 | D:2      | Reached XP level 4. HP: 18/21 MP: 5/9
  1791 | D:2      | Found a hazy altar of Hepliaklqana.
  1889 | D:2      | Reached skill level 1 in Armour
  1901 | D:2      | Learned a level 2 spell: Blink
  2504 | D:3      | Reached XP level 5. HP: 11/25 MP: 4/10
  2514 | D:3      | Killed from afar by an orc priest

Skill      XL: |  1  2  3  4 |
---------------+-------------+-----
Stealth        | 4 |  4.8
Short Blades   | 1 |  1.4
Armour         | 1 |  1.3
Fighting       | |  0.7
Dodging        | |  1.9
Spellcasting   | |  2.8
Hexes          | |  3.3

Action                   |  1- 3 |  4- 6 || total
-------------------------+-------+-------++-------
Melee: Dagger            |   130 |   111 ||   241
       Bite              |    26 |    24 ||    50
  Use: Scroll            |       |     1 ||     1
 Stab: Sleeping          |     9 |     4 ||    13
       Distracted        |       |     1 ||     1
  Eat: Chunk             |     2 |     3 ||     5
Armor: Robe              |     2 |       ||     2
       Leather armour    |    42 |    16 ||    58
Dodge: Dodged            |    88 |    53 ||   141
Block: Buckler           |       |     5 ||     5
